 Dungeon Crawl Stone Soup version 0.23-a0-494-g91793a9df2 (webtiles) character file.

117413 Octopork the Peltast (level 16, -6/98 HPs)
             Began as an Octopode Fighter on Dec 1, 2018.
             Was the Champion of Hepliaklqana.
             Mangled by an emperor scorpion (24 damage)
             ... on level 2 of the Spider Nest on Dec 3, 2018.
             The game lasted 02:23:44 (37612 turns).

Octopork the Peltast (Octopode Fighter)            Turns: 37612, Time: 02:23:45

Health: -6/98      AC:  9    Str: 26    XL:     16   Next: 74%
Magic:  28/31      EV: 19    Int: 20    God:    Hepliaklqana [******]
Gold:   1041       SH: 19    Dex: 11    Spells: 1/15 levels left

rFire    + + +     SeeInvis +   a - +8 spear of Irolilek {pierce, rF++ Str+3 Dex-5 SInv}
rCold    . . .     Gourm    .   I - +0 shield
rNeg     + . .     Faith    .   v - +2 hat
rPois    .         Spirit   .   k - +4 amulet of reflection
rElec    +         Reflect  +   u - +5 ring of intelligence
rCorr    +         Harm     .   m - +3 ring of protection
MR       ++...                  p - +4 ring of strength
Stlth    ++........             E - ring of Qunkuoh {rCorr rF+ rN+ MR+}
HPRegen  0.26/turn              G - +3 ring of dexterity
MPRegen  0.22/turn              C - ring "Pyilunna" {rElec MP+9 Int+3}
                                S - +3 ring of protection
                                r - +5 ring of slaying

@: lethally poisoned (-6 -> -34)
A: almost no armour, stealthy swim, amphibious, 8 rings, constrict 8, reduced
essence, camouflage 1, gelatinous body 1
a: Recall Ancestor, Ancestor Identity, Transference, Idealise, Renounce Religion


You were on level 2 of the Spider Nest.
You worshipped Hepliaklqana.
Hepliaklqana was exalted by your worship.
You were hungry.

You visited 6 branches of the dungeon, and saw 28 of its levels.
You also visited: Labyrinth and Ice Cave.

You collected 2222 gold pieces.
You spent 1181 gold pieces at shops.

Inventory:

Hand Weapons
 a - the +8 spear of Irolilek (weapon) {pierce, rF++ Str+3 Dex-5 SInv}
   (You found it on level 8 of the Dungeon)

   It inflicts extra damage upon your enemies.
   It affects your strength (+3).
   It affects your dexterity (-5).
   It greatly protects you from fire.
   It lets you see invisible.
 K - a +1 blowgun
   (You took it off a kobold on level 3 of the Dungeon)
 Y - the +9 rapier "Qux Iqeat" {vamp, rPois Str-4 Dex+2}
   (You found it on level 6 of the Lair of Beasts)

   It inflicts no extra harm, but heals its wielder when it wounds a living foe.
   It affects your strength (-4).
   It affects your dexterity (+2).
   It protects you from poison.
Missiles
 j - 6 curare-tipped needles
 s - 66 poisoned needles
 z - 5 throwing nets {=f}
Armour
 v - a +2 hat (worn)
   (You found it on level 4 of the Dungeon)
 y - a +2 large shield
   (You took it off a vault guard on level 14 of the Dungeon)
 I - a +0 shield (worn)
Magical Staves
 b - an uncursed staff of wizardry {wiz+, !a}
   (You found it on level 1 of the Spider Nest)
Jewellery
 k - a +4 amulet of reflection (around mantle)
   (You bought it in a shop on level 2 of the Orcish Mines)
 m - a +3 ring of protection (right tentacle)
   (You found it on level 3 of the Dungeon)
 p - a +4 ring of strength (on tentacle)
   (You found it on level 5 of the Dungeon)
 r - a +5 ring of slaying (on tentacle)
   (You found it on level 1 of the Shoals)
 u - a +5 ring of intelligence (left tentacle)
   (You found it on level 1 of the Dungeon)
 C - the ring "Pyilunna" (on tentacle) {rElec MP+9 Int+3}
   (You acquired it on level 12 of the Dungeon)

   [ring of magical power]

   It affects your intelligence (+3).
   It insulates you from electricity.
   It affects your magic capacity (+9).
 E - the ring of Qunkuoh (on tentacle) {rCorr rF+ rN+ MR+}
   (You bought it in a shop on level 2 of the Orcish Mines)

   [ring of resist corrosion]

   It protects you from fire.
   It protects you from negative energy.
   It affects your resistance to hostile enchantments.
 G - a +3 ring of dexterity (on tentacle)
   (You found it on level 7 of the Dungeon)
 N - an uncursed ring of ice {rC+, rF-}
   (You found it on level 12 of the Dungeon)
 S - a +3 ring of protection (on tentacle)
   (You found it on level 11 of the Dungeon)
Wands
 n - a wand of iceblast (2)
   (You found it on level 3 of the Dungeon)
 x - a wand of enslavement (10)
   (You found it in a labyrinth)
 A - a wand of acid (14)
   (You found it on level 7 of the Dungeon)
 B - a wand of flame (61)
   (You found it on level 6 of the Dungeon)
 D - a wand of digging (6)
   (You found it on level 2 of the Spider Nest)
 J - a wand of polymorph (9)
   (You found it on level 8 of the Dungeon)
Scrolls
 i - 5 scrolls of identify
 l - 5 scrolls of blinking {!r}
 o - 9 scrolls of remove curse
 q - 3 scrolls of fog
 t - 12 scrolls of teleportation
 H - 4 scrolls of magic mapping {!r}
 U - a scroll of immolation {!r}
 W - a scroll of holy word {!r}
Potions
 c - 11 potions of curing
 d - 5 potions of haste
 e - 2 potions of might
 g - 2 potions of magic
 h - 3 potions of heal wounds
 w - 2 potions of agility
 F - a potion of berserk rage {!q}
 M - 2 potions of invisibility
 O - 3 potions of flight
 P - 3 potions of brilliance
 Q - 3 potions of resistance
 R - a potion of ambrosia
Miscellaneous
 T - a box of beasts
 V - a lamp of fire
   (You found it on level 4 of the Lair of Beasts)
 Z - a lightning rod (4/4)
   (You found it in a labyrinth)
Comestibles
 f - 38 rations


   Skills:
 - Level 10.0 Fighting
 - Level 14.0 Polearms
 + Level 12.4 Dodging
 * Level 16.6 Shields
 - Level 6.0 Hexes
 - Level 6.0 Charms
 * Level 7.3 Poison Magic
 - Level 8.0 Invocations


You had one spell level left.
You knew the following spells:

 Your Spells              Type           Power        Failure   Level  Hunger
a - Spectral Weapon       Hex/Chrm       ###.....     4%          3    ####...
b - Poisonous Vapours     Pois/Air       ##....       6%          2    ###....
c - Song of Slaying       Chrm           ###.....     2%          2    ###....
d - Olgreb's Toxic Radia  Pois           ####....     10%         4    #####..
e - Regeneration          Chrm/Necr      ##........   17%         3    ####...

Your spell library contained the following spells:

 Spells                   Type           Power        Failure   Level  Hunger
 Corona                   Hex            ###....      1%          1    ##.....
 Infusion                 Chrm           ###.         1%          1    ##.....
 Sting                    Conj/Pois      ##..         4%          1    ##.....
 Beastly Appendage        Tmut           #.....       19%         1    ##.....
 Flame Tongue             Conj/Fire      #....        19%         1    ##.....
 Confuse                  Hex            ###.....     4%          3    ####...
 Tukima's Dance           Hex            ###.....     4%          3    ####...
 Ensorcelled Hibernation  Hex/Ice        ##....       9%          2    ###....
 Shroud of Golubria       Chrm/Tloc      ##........   9%          2    ###....
 Dazzling Spray           Conj/Hex       ##....       17%         3    ####...
 Inner Flame              Hex/Fire       ##......     17%         3    ####...
 Mephitic Cloud           Conj/Pois/Air  #.......     22%         3    ####...
 Throw Flame              Conj/Fire      #.....       28%         2    ###....
 Conjure Flame            Conj/Fire      #.......     50%         3    ####...
 Venom Bolt               Conj/Pois      ##........   75%         5    ######.
 Iskenderun's Battlesphe  Conj/Chrm      ##......     83%         5    ######.
 Sticky Flame             Conj/Fire      #.......     88%         4    #####..
 Bolt of Magma            Conj/Fire/Erth #.........   99%         5    ######.
 Fireball                 Conj/Fire      #.........   99%         5    ######.
 Iron Shot                Conj/Erth      #.........   100%        6    #######
 Orb of Destruction       Conj           #.........   100%        7    #######
 Spellforged Servitor     Conj/Summ      #.........   100%        7    #######


Dungeon Overview and Level Annotations

Branches:
Dungeon (15/15)            Temple (1/1) D:5            Lair (6/6) D:11
 Shoals (1/4) Lair:3       Spider (3/4) Lair:2        Slime (0/5) Lair:6
    Orc (2/2) D:11            Elf (0/3) Orc:2        Vaults (0/5) D:14
 Depths (0/5) D:15

Altars:
Ashenzari
Cheibriados
Dithmenos
Elyvilon
Fedhas
Gozag
Hepliaklqana
Kikubaaqudgha
Makhleb
Nemelex Xobeh
Okawaru
Qazlal
Ru
Sif Muna
Trog
Uskayaw
Vehumet
Wu Jian
Xom
Yredelemnul
Zin
The Shining One
Beogh

Shops:
D:4 :   D:8 ?   D:14 (*   Orc:1 %   Orc:2 ?(=[   Shoals:1 [

Portals:
Trove: D:10 (give 20 scrolls of identify)

Annotations:
D:2 1 runed door
Lair:3 Urug
Lair:4 2 transporters, exclusions: 2 basilisks and wyvern, Gottschkopf's ghost, journeyman DrTm
Spider:1 2 transporters


Innate Abilities, Weirdness & Mutations

You cannot wear most types of armour.
You are very stealthy in the water. (Stealth+)
You are amphibious.
You can wear up to eight rings at the same time.
You can use your tentacles to constrict eight enemies at once.
Your skin changes colour to match your surroundings (Stealth+).
Your rubbery body absorbs attacks. (AC +1, EV +1)
Your life essence is reduced to manifest your ancestor. (-10% HP)


Message History

You block the emperor scorpion's attack.
You hit the emperor scorpion. You hit the emperor scorpion.
The emperor scorpion stings you.
The emperor scorpion completely misses you.
The emperor scorpion claws you!
You hit the emperor scorpion.
You hit the emperor scorpion but do no damage.
You squeeze the emperor scorpion, but do no damage.
You block the emperor scorpion's attack. x2
The emperor scorpion claws you.
You puncture the emperor scorpion! You hit the emperor scorpion.
The emperor scorpion stings you!! The emperor scorpion claws you.
You block the emperor scorpion's attack.
You hit the emperor scorpion but do no damage.
You hit the emperor scorpion.
You are feeling hungry.
You block the emperor scorpion's attack. x3
You barely miss the emperor scorpion.
You squeeze the emperor scorpion, but do no damage.
You swap places.
The emperor scorpion barely misses Octhoko.
The emperor scorpion claws Octhoko.
The emperor scorpion claws Octhoko!
Octhoko gestures at the emperor scorpion while chanting.
The emperor scorpion resists with almost no effort.
Attack whom?
Press: ? - help, Dir - move target cursor, f/p - emperor scorpion
Aim: an emperor scorpion (heavily wounded)
You reach to attack!
You hit the emperor scorpion but do no damage.
The emperor scorpion stings Octhoko!!
The emperor scorpion claws Octhoko!
Octhoko is destroyed!
Attack whom?
Press: ? - help, Dir - move target cursor, f/p - emperor scorpion
Aim: an emperor scorpion (heavily wounded)
You reach to attack!
You hit the emperor scorpion but do no damage.
There is a stone staircase leading up here.
Evoke which item? (* to show all) (? for menu, Esc to quit)
Okay, then.
Evoke which item? (* to show all) (? for menu, Esc to quit)
Aiming: Corrosive Bolt
Press: ? - help, Shift-Dir - straight line, f/p - emperor scorpion
Aim: an emperor scorpion (heavily wounded)
The bolt of acid hits the emperor scorpion.
The emperor scorpion appears unharmed.
You block the emperor scorpion's attack.
The emperor scorpion claws you!
The emperor scorpion claws you but does no damage.
You climb upwards.
There is a stone staircase leading down here.
You puncture the emperor scorpion! The emperor scorpion barely misses you.
The emperor scorpion misses you.
You block the emperor scorpion's attack.
You hit the emperor scorpion but do no damage.
You squeeze the emperor scorpion. You hit the emperor scorpion.
You block the emperor scorpion's attack.
The emperor scorpion claws you.
The emperor scorpion claws you but does no damage.
Press: ? - help, v - describe, . - travel
Here: an emperor scorpion (heavily wounded)
The floor.
Unknown command.
Casting: Olgreb's Toxic Radiance (safe; 10% risk of failure)
Confirm with . or Enter, or press ? or * to list all spells.
You draw out your weapon's spirit!
The emperor scorpion stings you!
You are poisoned.
The emperor scorpion poisons you!
You block the emperor scorpion's attack.
The emperor scorpion claws you.
You hit the emperor scorpion. You squeeze the emperor scorpion.
You feel sick.
Your spectral weapon misses the emperor scorpion.
You hit the emperor scorpion but do no damage.
You feel sick.
Your spectral weapon hits the emperor scorpion but does no damage.
The emperor scorpion stings your spectral weapon but does no damage.
The emperor scorpion claws your spectral weapon.
Your spectral weapon shares its damage with you!
The emperor scorpion claws your spectral weapon!
Your spectral weapon shares its damage with you!
You closely miss the emperor scorpion.
You feel sick.
Your spectral weapon hits the emperor scorpion.
You hit the emperor scorpion but do no damage.
You squeeze the emperor scorpion.
* * * LOW HITPOINT WARNING * * *
You feel sick.
Your spectral weapon hits the emperor scorpion!
The emperor scorpion stings you!!
* * * LOW HITPOINT WARNING * * *
The emperor scorpion claws you!
* * * LOW HITPOINT WARNING * * *
You block the emperor scorpion's attack.
Okay, then.
Okay, then.
Okay, then.
You feel much better.
* * * LOW HITPOINT WARNING * * *
You feel sick. The emperor scorpion stings you!!
You die...

#######^.#..##...#
##........#.###..
#.........###....
#..#...^..##.....
#.##.#.#.........
###...####.....##
####.....#....##[.##
#.####.#.######....#
#^.@#....#.........#
##^.s(.^.##........>
#####....####.=#....
#.##......#....#..##
#R#..<...#.....##..^
##.#.....#.#..##^...
#.........#^.#.....
#.......########...
###.......##.###...


You could see an emperor scorpion and a friendly spectral +8 spear of Irolilek
{pierce, rF++ Str+3 Dex-5 SInv}.

Vanquished Creatures
  Louise (D:15)
  2 ghost moths
  An emperor scorpion (D:15)
  2 stone giants (Orc:2)
  An entropy weaver (Spider:1)
  A spark wasp (Spider:2)
  A dire elephant (D:15)
  A minotaur (Lab)
  Josephine (D:11)
  Erolcha (D:12)
  2 vault guards (D:14)
  7 hydras
  A catoblepas (Lair:3)
  2 two-headed ogres
  7 death yaks
  2 orc high priests (Orc:2)
  2 tengu warriors (D:15)
  An unseen horror (shapeshifter) (D:12)
  2 sea snakes (Shoals:1)
  3 unseen horrors
  A lindwurm (Lair:5)
  2 wizards
  6 orc knights
  5 harpies
  4 orc sorcerers (Orc:2)
  10 ugly things
  6 orb spiders
  4 deep elf magi
  4 manticores
  11 wolf spiders
  2 black mambas
  A water nymph (Shoals:1)
  A centaur zombie (D:12)
  A torpor snail (Lair:6)
  9 elephants
  5 spiny frogs
  4 centaur skeletons
  An efreet (D:15)
  8 komodo dragons
  3 rime drakes
  4 demonic crawlers
  A merfolk (Shoals:1)
  2 polar bears (Lair:6)
  2 trolls
  14 jumping spiders
  9 blink frogs
  9 hippogriffs
  7 hornets
  2 snapping turtles
  2 dream sheep (Lair:6)
  9 slime creatures
  3 water elementals (D:11)
  27 redbacks
  20 spriggans
  3 wraiths
  6 tarantellas
  2 shadows
  A vampire (D:12)
  2 wyverns
  7 humans (D:14)
  32 yaks
  2 hungry ghosts
  A vampire mosquito (D:12)
  A steam dragon (D:14)
  A basilisk (D:15)
  A warg (Orc:1)
  A soldier ant (D:12)
  3 acid dragons
  5 porcupines
  13 water moccasins
  A floating eye (shapeshifter) (D:13)
  6 sky beasts
  16 orc warriors
  4 black bears
  2 ice beasts
  2 phantoms
  4 boggarts (Lair:6)
  23 wolves
  An eye of draining (D:13)
  7 centaurs
  14 ogres
  2 hexers
  21 crocodiles
  4 big kobolds
  16 bullfrogs
  A gnoll sergeant (D:11)
  2 wyvern zombies
  A wyvern skeleton (D:12)
  A water moccasin skeleton (D:6)
  4 scorpions
  3 wights (D:9)
  5 electric eels
  A howler monkey (D:6)
  11 crimson imps
  5 bullfrog zombies (D:12)
  A lava snake (D:10)
  11 jellies
  A quasit (D:10)
  17 orc priests
  4 bullfrog skeletons
  5 hounds
  20 orc wizards
  6 iguanas
  14 worker ants
  Natasha (thrice) (D:2)
  2 hound skeletons (D:8)
  4 worker ant zombies
  Robin (D:3)
  8 gnolls
  A howler monkey skeleton (D:9)
  18 adders
  An adder (shapeshifter) (D:15)
  3 shadow imps
  5 white imps (IceCv)
  4 ufetubi (IceCv)
  6 oozes
  An adder zombie (D:9)
  A dart slug (D:3)
  4 worms
  9 leopard geckos
  64 orcs
  11 bats
  6 giant cockroaches
  26 goblins
  20 hobgoblins
  5 jackals
  33 kobolds
  6 quokkas
  A frilled lizard (D:3)
  7 rats
  A fungus (Lair:6)
808 creatures vanquished.

Vanquished Creatures (collateral kills)
  A centaur warrior (D:15)
  A death yak (Lair:4)
  An orc high priest (Orc:2)
  2 wolf spiders (Spider:1)
  An orb spider (Spider:2)
  An ugly thing (D:12)
  2 cyclopes
  An elephant (Lair:5)
  A demonic crawler (Spider:2)
  2 trolls
  A hornet (D:11)
  3 polar bears (Lair:6)
  A slime creature (D:12)
  3 redbacks
  A wyvern (D:8)
  8 yaks
  A wraith (D:11)
  2 basilisks
  3 humans (D:14)
  2 hungry ghosts
  A warg (Orc:2)
  2 water moccasins
  A porcupine (Lair:5)
  An orc warrior (D:9)
  3 ice beasts
  2 phantoms
  3 necrophages
  4 wolves (Lair:6)
  2 centaurs
  2 crocodiles
  A big kobold (D:11)
  2 bullfrogs
  A scorpion (D:12)
  A bullfrog zombie (D:12)
  An orc priest (Orc:2)
  An orc wizard (Orc:2)
  A worker ant (D:11)
  4 gnolls
  2 adders (D:5)
  A white imp (IceCv)
  A leopard gecko (D:6)
  6 orcs
  A hobgoblin (D:8)
82 creatures vanquished.

Vanquished Creatures (others)
  A jumping spider (Spider:1)
  2 centaurs (D:15)
  An orc priest (Orc:2)
  41 hexers
  2 ancestors (D:7)
  4 white imps (IceCv)
  3 ufetubi (IceCv)
  An orc (Orc:2)
  9 fungi
  8 plants
  4 spectral weapons
76 creatures vanquished.

Grand Total: 966 creatures vanquished

Notes
Turn   | Place    | Note
-------+----------+-------------------------------------------
     0 | D:1      | Octopork the Octopode Fighter began the quest for the Orb.
     0 | D:1      | Reached XP level 1. HP: 16/16 MP: 1/1
   167 | D:1      | Reached XP level 2. HP: 21/21 MP: 2/2
   322 | D:1      | Reached skill level 3 in Polearms
   522 | D:2      | Reached XP level 3. HP: 26/26 MP: 3/3
   858 | D:2      | Noticed Natasha
   919 | D:1      | HP: 6/26 [rat (2)]
   931 | D:1      | Octopork: ??club
   931 | D:1      | beem: club[1/2]: (maces & flails; +3 acc / 5 dam / 1.3 base
                  | delay / 0.6 min delay). A heavy piece of wood. Bad.
  1193 | D:2      | Reached XP level 4. HP: 23/31 MP: 4/4
  1239 | D:2      | Reached skill level 4 in Polearms
  1336 | D:2      | Killed Natasha
  1336 | D:2      | Reached XP level 5. HP: 18/36 MP: 5/5
  1508 | D:2      | Reached skill level 4 in Shields
  1758 | D:2      | Found a runed door.
  1934 | D:2      | Noticed Natasha
  1964 | D:2      | Killed Natasha
  2189 | D:2      | Noticed Natasha
  2199 | D:2      | Killed Natasha
  2323 | D:3      | Noticed Robin
  2462 | D:3      | Reached skill level 5 in Polearms
  2507 | D:3      | Reached XP level 6. HP: 42/42 MP: 6/6
  2511 | D:3      | Killed Robin
  3540 | D:4      | Found Elytercha's Book Emporium.
  3841 | D:4      | Reached skill level 6 in Polearms
  4239 | D:4      | Reached XP level 7. HP: 43/46 MP: 7/7
  4300 | D:4      | HP: 9/46 [orc priest/+0 whip (3)]
  4302 | D:4      | Reached skill level 5 in Shields
  4994 | D:5      | Entered Level 5 of the Dungeon
  5282 | D:5      | Found a deep blue altar of Sif Muna.
  5482 | D:5      | Reached skill level 7 in Polearms
  5489 | D:5      | Identified Sif Muna's Tome of Moulding
  5606 | D:5      | Reached XP level 8. HP: 40/52 MP: 8/8
  5768 | D:5      | Found a staircase to the Ecumenical Temple.
  5947 | Temple   | Entered the Ecumenical Temple
  6043 | Temple   | Became a worshipper of Hepliaklqana the Forgotten
  6099 | D:5      | Reached skill level 6 in Shields
  6105 | D:5      | Reached skill level 4 in Fighting
  6236 | D:5      | Reached skill level 8 in Polearms
  7447 | D:6      | Reached * piety under Hepliaklqana
  7466 | D:6      | Reached XP level 9. HP: 49/54 MP: 9/9
  7595 | D:6      | Reached skill level 5 in Fighting
  7735 | D:6      | Reached skill level 9 in Polearms
  8045 | D:6      | Reached skill level 7 in Shields
  9432 | D:8      | Found Ohasiok's Magic Scroll Boutique.
  9437 | D:8      | Reached skill level 6 in Fighting
  9437 | D:8      | Reached skill level 10 in Polearms
  9451 | D:8      | Bought a scroll of identify for 28 gold pieces
  9451 | D:8      | Bought a scroll of identify for 28 gold pieces
  9454 | D:8      | Reached ** piety under Hepliaklqana
  9455 | D:8      | Remembered your ancestor Octhoko as a hexer
  9961 | D:8      | Got an encrusted spear
 10274 | D:8      | Reached XP level 10. HP: 26/62 MP: 10/10
 10714 | D:9      | Reached skill level 8 in Shields
 10877 | D:9      | Identified the +8 spear of Irolilek {pierce, rF++ Str+3
                  | Dex-5 SInv} (You found it on level 8 of the Dungeon)
 11121 | D:9      | Reached skill level 11 in Polearms
 11130 | D:9      | Found a glowing silver altar of Zin.
 11374 | D:9      | Reached skill level 7 in Fighting
 11539 | D:10     | Entered Level 10 of the Dungeon
 11576 | D:10     | Found a portal to a secret trove of treasure.
 12149 | D:10     | Reached *** piety under Hepliaklqana
 12495 | D:11     | Noticed a cyclops
 12843 | D:11     | Noticed an unseen horror
 12844 | D:11     | Noticed a green ugly thing
 12871 | D:11     | Found a hide-covered altar of Uskayaw.
 12873 | D:11     | Found an ornate altar of the Wu Jian Council.
 12873 | D:11     | Found a deep blue altar of Sif Muna.
 12875 | D:11     | Found a shimmering altar of Xom.
 12875 | D:11     | Found a radiant altar of Vehumet.
 12875 | D:11     | Found a shimmering altar of Xom.
 13001 | D:11     | Killed an unseen horror
 13001 | D:11     | Reached skill level 12 in Polearms
 13001 | D:11     | Reached skill level 9 in Shields
 13001 | D:11     | Reached XP level 11. HP: 69/69 MP: 11/11
 13041 | D:11     | Found a staircase to the Lair.
 13066 | D:11     | Reached skill level 8 in Fighting
 13180 | D:11     | Killed a green ugly thing
 13517 | D:11     | Noticed an orc knight
 13571 | D:11     | Killed an orc knight
 13656 | D:11     | Noticed an unseen horror
 13661 | D:11     | Killed an unseen horror
 13784 | D:11     | Found a staircase to the Orcish Mines.
 13848 | D:11     | Noticed a two-headed ogre
 14081 | D:11     | Killed a cyclops
 14081 | D:11     | Reached skill level 13 in Polearms
 14152 | D:11     | Killed a two-headed ogre
 14225 | D:11     | Reached skill level 9 in Fighting
 14265 | D:11     | Reached skill level 10 in Shields
 14397 | D:11     | Noticed Josephine
 14404 | D:11     | Killed Josephine
 14439 | D:11     | Reached XP level 12. HP: 66/76 MP: 12/12
 14611 | Lair:1   | Entered Level 1 of the Lair of Beasts
 14811 | Lair:1   | Noticed a five-headed hydra
 14817 | Lair:1   | Killed a five-headed hydra
 15138 | Lair:1   | Reached skill level 14 in Polearms
 15183 | Lair:1   | Reached **** piety under Hepliaklqana
 15370 | Lair:1   | Learned a level 2 spell: Song of Slaying
 15374 | Lair:1   | Learned a level 3 spell: Regeneration
 15378 | Lair:1   | Learned a level 3 spell: Spectral Weapon
 15729 | Lair:2   | Found a hole to the Spider Nest.
 15929 | Lair:2   | Found a frozen archway.
 15975 | IceCv    | Entered an ice cave
 16593 | Lair:2   | Reached skill level 10 in Fighting
 16919 | Lair:3   | Noticed a catoblepas
 16931 | Lair:3   | Found a blossoming altar of Fedhas.
 16931 | Lair:3   | Noticed a death yak
 16931 | Lair:3   | Noticed a death yak
 16934 | Lair:3   | Noticed a death yak
 16934 | Lair:3   | Noticed a death yak
 16941 | Lair:2   | Reached skill level 4 in Dodging
 16941 | Lair:2   | Reached skill level 1 in Invocations
 16998 | Lair:3   | Reached skill level 1 in Charms
 17092 | Lair:3   | Noticed a four-headed hydra
 17114 | Lair:3   | Killed a four-headed hydra
 17114 | Lair:3   | Reached skill level 11 in Shields
 17114 | Lair:3   | Reached skill level 2 in Invocations
 17161 | Lair:3   | Reached skill level 2 in Charms
 17197 | Lair:3   | Noticed Urug
 17342 | Lair:3   | Reached skill level 3 in Invocations
 17375 | Lair:3   | Killed a death yak
 17375 | Lair:3   | Reached skill level 5 in Dodging
 17489 | Lair:3   | Reached skill level 3 in Charms
 17522 | Lair:3   | Killed a catoblepas
 17750 | Lair:2   | Killed a death yak
 17750 | Lair:2   | Reached XP level 13. HP: 64/82 MP: 15/15
 17934 | Lair:2   | Reached skill level 4 in Invocations
 18427 | Lair:3   | Found a staircase to the Shoals.
 18651 | Lair:3   | Reached skill level 4 in Charms
 19196 | Lair:4   | Reached skill level 6 in Dodging
 19340 | Lair:3   | Reached skill level 5 in Invocations
 19604 | Lair:4   | Found a transporter.
 19608 | Lair:4   | Found a transporter.
 19627 | Lair:4   | Noticed Gottschkopf's ghost (journeyman DrTm)
 19798 | Lair:3   | Reached skill level 5 in Charms
 20291 | Lair:4   | Reached skill level 12 in Shields
 20291 | Lair:4   | Reached skill level 6 in Invocations
 20688 | Lair:5   | Found a deep blue altar of Sif Muna.
 20856 | Lair:5   | Reached ***** piety under Hepliaklqana
 20860 | Lair:5   | Reached skill level 7 in Dodging
 21647 | Lair:5   | Reached skill level 6 in Charms
 21813 | Lair:6   | Entered Level 6 of the Lair of Beasts
 22063 | Lair:6   | Reached skill level 7 in Invocations
 22081 | Lair:6   | Reached XP level 14. HP: 75/89 MP: 19/19
 22198 | Lair:6   | Reached skill level 8 in Dodging
 22850 | Lair:6   | Reached skill level 8 in Invocations
 22938 | Lair:6   | Reached skill level 1 in Hexes
 23030 | Lair:6   | Reached skill level 2 in Hexes
 23492 | Lair:6   | Got a bloodstained rapier
 23499 | Lair:6   | Found a staircase to the Slime Pits.
 23516 | Lair:6   | Reached skill level 13 in Shields
 23525 | Lair:6   | Identified the +9 rapier "Qux Iqeat" {vamp, rPois Str-4
                  | Dex+2} (You found it on level 6 of the Lair of Beasts)
 23850 | Lair:6   | Reached skill level 9 in Dodging
 24070 | D:11     | Upgraded the game from 0.23-a0-487-gc6253629db to
                  | 0.23-a0-489-g205b0b61ae
 24197 | D:12     | Reached skill level 3 in Hexes
 24439 | D:12     | Found a labyrinth entrance.
 24442 | D:12     | Noticed Erolcha
 24446 | Lab      | Entered a labyrinth
 24469 | Lab      | Found an exit through the horrors of the Abyss.
 24659 | Lab      | Got a steaming tin ring
 24660 | Lab      | Identified the cursed ring "Kaumoogau" {*Corrode rF+ Int+4
                  | Dex-3} (You found it in a labyrinth)
 24689 | D:12     | Killed Erolcha
 25063 | D:12     | Reached skill level 4 in Hexes
 25513 | D:12     | Identified a scroll of acquirement
 26008 | D:12     | Reached skill level 5 in Hexes
 26123 | D:12     | Got a sparkling tin ring
 26124 | D:12     | Identified the ring "Pyilunna" {rElec MP+9 Int+3} (You
                  | acquired it on level 12 of the Dungeon)
 26299 | D:13     | Reached skill level 10 in Dodging
 26602 | D:13     | Reached XP level 15. HP: 92/92 MP: 21/21
 27637 | D:13     | Reached skill level 6 in Hexes
 28141 | Orc:1    | Entered Level 1 of the Orcish Mines
 28141 | Orc:1    | Found Matoem's Food Shoppe.
 28170 | Orc:1    | Reached ****** piety under Hepliaklqana
 28449 | Orc:2    | Entered Level 2 of the Orcish Mines
 28459 | Orc:2    | Reached skill level 14 in Shields
 28945 | Orc:2    | Found a roughly hewn altar of Beogh.
 29351 | Orc:2    | Found a staircase to the Elven Halls.
 30055 | Orc:2    | Paralysed by an orc sorcerer for 5 turns
 30190 | Orc:2    | Reached skill level 11 in Dodging
 30429 | Orc:2    | Found Surepum's Weapon Boutique.
 30429 | Orc:2    | Found Wiwirchuc's Magic Scroll Boutique.
 30430 | Orc:2    | Found Kocrykach's Armour Shoppe.
 30430 | Orc:2    | Found Dimnifeeny's Jewellery Shoppe.
 30465 | Orc:2    | Bought a +4 amulet of reflection for 378 gold pieces
 30465 | Orc:2    | Bought the ring of Qunkuoh {rCorr rF+ rN+ MR+} for 613 gold
                  | pieces
 30679 | Orc:2    | Bought 6 curare-tipped needles for 50 gold pieces
 30679 | Orc:2    | Bought 2 throwing nets for 84 gold pieces
 31016 | D:14     | Found a shimmering altar of Xom.
 31056 | D:14     | Found Faliol's Antique Weapon Shoppe.
 31154 | D:14     | Found Vatham Jix's Assorted Antiques.
 31278 | D:14     | Found a gate to the Vaults.
 31317 | D:14     | Got a bone great sword
 31587 | D:14     | Reached skill level 15 in Shields
 31615 | D:15     | Entered Level 15 of the Dungeon
 32145 | D:15     | Noticed Louise
 32173 | D:15     | Killed Louise
 32417 | D:15     | Noticed an emperor scorpion
 32847 | D:15     | Found a staircase to the Depths.
 32941 | D:15     | Found a staircase to the Depths.
 32997 | D:15     | Killed an emperor scorpion
 32997 | D:15     | Reached XP level 16. HP: 61/98 MP: 22/22
 33494 | D:15     | Upgraded the game from 0.23-a0-489-g205b0b61ae to
                  | 0.23-a0-494-g91793a9df2
 33497 | D:15     | Learned a level 2 spell: Poisonous Vapours
 33502 | D:15     | Learned a level 4 spell: Olgreb's Toxic Radiance
 33648 | Shoals:1 | Entered Level 1 of the Shoals
 33654 | Shoals:1 | Reached skill level 1 in Poison Magic
 33799 | Shoals:1 | Reached skill level 2 in Poison Magic
 34206 | Shoals:1 | Found Ytyifaf's Armour Boutique.
 34800 | Spider:1 | Entered Level 1 of the Spider Nest
 34808 | Spider:1 | Reached skill level 3 in Poison Magic
 34824 | Spider:1 | Reached skill level 16 in Shields
 34851 | Spider:1 | Reached skill level 12 in Dodging
 35269 | Spider:1 | Reached skill level 4 in Poison Magic
 35553 | Spider:1 | Found a transporter.
 35573 | Spider:1 | Found a transporter.
 35679 | Spider:1 | Reached skill level 5 in Poison Magic
 36462 | Spider:2 | Reached skill level 6 in Poison Magic
 37009 | Spider:2 | Reached skill level 7 in Poison Magic
 37611 | Spider:2 | HP: 9/98 [emperor scorpion (19)]
 37611 | Spider:2 | HP: 2/98 [emperor scorpion (7)]
 37612 | Spider:2 | Mangled by an emperor scorpion

Vault maps used:
D:1:      lightli_arrival_maybe_door_vault
D:2:      first_ration, chequers_serial_rivers_large_b, uniq_natasha,
          uniq_crazy_yiuf_cottage
D:3:      minmay_unequal, uniq_robin
D:4:      serial_shops, shop_statue
D:5:      minmay_temple_entry_large_hall, led_sif_book
D:8:      corexii_shantytown, serial_shops, shop, serial_aquarium,
          aquarium_bridge_square, aquarium_bridge_island_small,
          aquarium_window_2, aquarium_window_corner, aquarium_view_2c,
          aquarium_view_4, aquarium_balcony_3b, aquarium_pool_four
D:9:      zin_statuary
D:10:     nicolae_trove_entry_free_sample, nicolae_lava_and_water
D:11:     statuecave_lemuel, lair_entry_dummy, erik_orc_2, blue_anna_alchemist,
          doesnt_xom_only_xom, uniq_josephine
D:12:     minmay_imperfect_grid, serial_co_window_serial, co_window_corner_a,
          co_window_paths_a, co_window_of_opportunity_a, co_window_corner_a,
          co_window_paths_b, co_window_broadway_c, co_window_corner_b,
          co_window_of_opportunity_c, co_window_corner_b,
          co_window_unsneaky_path_a, co_window_unsneaky_path_d,
          co_window_paths_c, glass_columns_a, glass_columns_c, glass_columns_a,
          glass_columns_b, lab_entry_generic, uniq_erolcha
D:14:     ximxim_vaults_locker_room, serial_shops, shop,
          nicolae_shop_window_shopping, minmay_misc_feat_doors, basic_altar
D:15:     hangedman_depths_entry_try_elsewhere_first, serial_curves,
          eino_curves_04, eino_curves_04, uniq_louise
Temple:   kilobyte_greek_temple
Lair:1:   wad_woods_01
Lair:2:   dummy_spider_entry, portal_ice_cave_rime,
          chequers_serial_rivers_micro_a, infiniplex_staircase_pool
Lair:3:   minmay_shoals_entry_hut, basic_altar, serial_bayou_shore_b, uniq_urug
Lair:4:   gammafunk_ghost_hive, special_room
Lair:5:   cheibrodos_lair_overgrown_chateau, basic_altar, st_stairs_3,
          minmay_lair_oklob_chamber
Lair:6:   minmay_lair_end_enchanted_forest, nicolae_slime_entry_slimehenge,
          st_stairs_5, grunt_megastairs_3
Shoals:1: cheibrodos_shoals_epimethial_gifts, serial_shops, nicolae_shop_trees
Spider:1: gammafunk_the_bubble
Spider:2: guppyfry_spider_mini_2
Spider:3: special_room, spiders_nest_spider_trap
Orc:1:    serial_shops, shop, basic_altar
Orc:2:    st_orc_elflike, mines2_david
Lab:      labyrinth_watery, nicolae_lab_t_cross, labyrinth_fake_exit,
          nicolae_lab_grate_2
IceCv:    ice_cave_small_demon

Skill      XL: |  1  2  3  4  5  6  7  8  9 10 11 12 13 14 15 16 |
---------------+-------------------------------------------------+-----
Polearms       | 3 4 5 6 7 8 10 12 13 14 | 14.0
Shields        | 4 5 6 7 9 10 11 12 13 15 16 | 16.6
Fighting       | 4 6 7 9 10 | 10.0
Dodging        | 5 7 10 11 12 | 12.4
Invocations    | 3 7 8 |  8.0
Charms         | 3 6 |  6.0
Hexes          | 5 6 |  6.0
Poison Magic   | 7 |  7.3

Action                   |  1- 3 |  4- 6 |  7- 9 | 10-12 | 13-15 | 16-18 || total
-------------------------+-------+-------+-------+-------+-------+-------++-------
Melee: Trident           |    78 |   203 |   361 |    27 |       |       ||   669
       Constrict         |    20 |    42 |    62 |    37 |   110 |    51 ||   322
       Tentacles         |    12 |    25 |    74 |    78 |   283 |    69 ||   541
       Spear             |       |       |       |   540 |  1469 |   339 ||  2348
 Fire: Blowgun           |       |       |    19 |     3 |     2 |       ||    24
       Hunting sling     |       |       |       |       |     1 |       ||     1
 Cast: Song of Slaying   |       |       |       |       |     5 |       ||     5
       Spectral Weapon   |       |       |       |       |    12 |     1 ||    13
       Regeneration      |       |       |       |       |     3 |       ||     3
       Olgreb's Toxic Ra |       |       |       |       |       |     8 ||     8
       Poisonous Vapours |       |       |       |       |       |     7 ||     7
Invok: Ancestor Identity |       |       |     1 |       |       |       ||     1
       Recall Ancestor   |       |       |     1 |     3 |     7 |     1 ||    12
       Ancestor Life: He |       |       |     1 |       |       |       ||     1
       Idealise          |       |       |       |       |     5 |       ||     5
Evoke: Wand              |       |       |     2 |    10 |     8 |     1 ||    21
  Use: Scroll            |       |    11 |     9 |     7 |    12 |     1 ||    40
       Potion            |       |       |     1 |       |     4 |     1 ||     6
 Stab: Sleeping          |     6 |    10 |    26 |    15 |    22 |     9 ||    88
       Distracted        |     1 |     1 |     2 |     6 |    17 |     6 ||    33
       Confused          |       |       |     1 |     2 |     4 |     2 ||     9
       Paralysed         |       |       |       |       |    15 |     9 ||    24
  Eat: Chunk             |     1 |    10 |    19 |    20 |    27 |     6 ||    83
       Ration            |       |       |       |     1 |     8 |     3 ||    12
Armor: Skin              |     7 |     5 |    12 |    16 |    78 |    28 ||   146
Dodge: Dodged            |    27 |    51 |    67 |    55 |   245 |    87 ||   532
Block: Shield            |    33 |    54 |    91 |    83 |   344 |   161 ||   766
       Large shield      |       |       |       |       |   104 |    72 ||   176
       Reflection        |       |       |       |       |    21 |     4 ||    25

Table legend:
 A = Non-vault XP
 B = Vault XP
 C = Vault XP percentage of total XP
 D = Non-vault monster count
 E = Vault monster count
 F = Vault count percentage of total count
                 A         B        C        D         E       F
            +---------+---------+-------+---------+---------+-------
      Total |  122594 |   45140 |  26.9 |     639 |     251 |  28.2
            +---------+---------+-------+---------+---------+-------
        D:1 |      42 |       0 |   0.0 |      23 |       0 |   0.0
        D:2 |     212 |      42 |  16.5 |      30 |       5 |  14.3
        D:3 |     141 |      52 |  26.9 |      31 |      14 |  31.1
        D:4 |     416 |       0 |   0.0 |      20 |       0 |   0.0
        D:5 |     881 |      80 |   8.3 |      28 |       2 |   6.7
        D:6 |    1058 |       0 |   0.0 |      18 |       0 |   0.0
        D:7 |     717 |       0 |   0.0 |      19 |       0 |   0.0
        D:8 |    1088 |     122 |  10.1 |      15 |      30 |  66.7
        D:9 |    1557 |       0 |   0.0 |      30 |       0 |   0.0
       D:10 |    1353 |       0 |   0.0 |      20 |       0 |   0.0
       D:11 |    7904 |    2791 |  26.1 |      44 |      25 |  36.2
       D:12 |    6652 |    6655 |  50.0 |      44 |      27 |  38.0
       D:13 |    8633 |       0 |   0.0 |      33 |       0 |   0.0
       D:14 |    1939 |    3954 |  67.1 |       7 |      12 |  63.2
       D:15 |   11670 |    5124 |  30.5 |      27 |       4 |  12.9
     Lair:1 |    2848 |    1263 |  30.7 |      12 |       6 |  33.3
     Lair:2 |    5183 |     708 |  12.0 |      18 |       2 |  10.0
     Lair:3 |   10071 |     256 |   2.5 |      29 |       1 |   3.3
     Lair:4 |    8479 |       0 |   0.0 |      20 |       0 |   0.0
     Lair:5 |    3262 |    1684 |  34.0 |       9 |      11 |  55.0
     Lair:6 |    6652 |   10922 |  62.1 |      26 |      65 |  71.4
   Shoals:1 |    4825 |       0 |   0.0 |      10 |       0 |   0.0
   Spider:1 |   14527 |       0 |   0.0 |      42 |       0 |   0.0
   Spider:2 |   14019 |    1557 |  10.0 |      33 |       6 |  15.4
   Spider:3 |    1763 |       0 |   0.0 |       1 |       0 |   0.0
      Orc:1 |    2266 |       0 |   0.0 |      20 |       0 |   0.0
      Orc:2 |    4436 |    8409 |  65.5 |      30 |      29 |  49.2
        Lab |       0 |    1428 | 100.0 |       0 |       2 | 100.0
      IceCv |       0 |      93 | 100.0 |       0 |      10 | 100.0
            +---------+---------+-------+---------+---------+-------

Table legend:
 A = Turns spent in this place as a percentage of turns spent in the entire game.
 B = Non-inter-level travel turns spent in this place as a percentage of non-inter-level travel turns spent in the entire game.
 C = Inter-level travel turns spent in this place as a percentage of turns spent in this place.
 D = Turns resting spent in this place as a percentage of non-inter-level travel turns spent in this place.
 E = Turns spent auto-exploring this place as a percentage of non-inter-level travel turns spent in this place.
 F = Non-inter-level travel turns spent in this place divided by the number of levels of this place that you've seen.
                   A       B       C       D       E      F
               +-------+-------+-------+-------+-------+----------------------
         Total | 100.0 | 100.0 |   6.7 |  34.3 |  36.2 | 1170.0
       Dungeon |  56.9 |  56.2 |   7.8 |  31.1 |  41.5 | 1314.3
        Temple |   0.4 |   0.3 |  24.4 |   0.0 |  81.4 | 102.0
          Lair |  26.3 |  26.5 |   6.0 |  38.3 |  31.1 | 1550.7
        Shoals |   0.8 |   0.7 |   7.7 |   3.8 |  11.5 | 262.0
   Spider Nest |   7.5 |   7.9 |   1.1 |  40.8 |  32.4 | 927.0
  Orcish Mines |   6.9 |   6.9 |   6.3 |  37.1 |  24.9 | 1217.0
     Labyrinth |   0.6 |   0.6 |   0.0 |  49.3 |   0.0 | 219.0
      Ice Cave |   0.8 |   0.8 |   0.0 |  67.8 |   0.0 | 283.0
               +-------+-------+-------+-------+-------+----------------------

Table legend:
 A = Kills in this place as a percentage of kills in entire the game.
 B = Kills by you in this place as a percentage of kills by you in the entire game.
 C = Kills by friends in this place as a percentage of kills by friends in the entire game.
 D = Other kills in this place as a percentage of other kills in the entire game.
 E = Experience gained in this place as a percentage of experience gained in the entire game.
 F = Experience gained in this place divided by the number of levels of this place that you have seen.
                   A       B       C       D       E      F
               +-------+-------+-------+-------+-------+----------------------
         Total | 100.0 | 100.0 | 100.0 | 100.0 | 100.0 | 5591.1
       Dungeon |  57.1 |  57.2 |  54.9 |  66.7 |  37.6 | 4205.5
          Lair |  22.4 |  22.2 |  24.4 |  16.7 |  30.6 | 8554.7
        Shoals |   1.1 |   1.2 |   0.0 |   0.0 |   2.9 | 4825.0
   Spider Nest |   9.2 |   9.2 |   8.5 |  16.7 |  19.0 | 10622.0
  Orcish Mines |   8.9 |   8.7 |  11.0 |   0.0 |   9.0 | 7555.5
     Labyrinth |   0.2 |   0.2 |   0.0 |   0.0 |   0.9 | 1428.0
      Ice Cave |   1.1 |   1.1 |   1.2 |   0.0 |   0.1 |  93.0
               +-------+-------+-------+-------+-------+----------------------
